 Dungeon Crawl Stone Soup version 0.31-a0-167-g1c394c0614 (webtiles) character file.

Game seed: 9584991740260518690

771 qw the Chopper (level 7, 0/44 HPs)
             Began as a Gargoyle Fighter on June 14, 2023.
             Was an Initiate of Okawaru.
             Slain by Duvessa
             ... wielding a +0 short sword
              (7 damage)
             ... on level 5 of the Dungeon.
             The game lasted 00:01:59 (3227 turns).

qw the Chopper (Gargoyle Fighter)                   Turns: 3227, Time: 00:02:00

Health: 0/44       AC: 20    Str: 26    XL:     7   Next: 83%
Magic:  7/7        EV:  7    Int:  8    God:    Okawaru [......]
Gold:   95         SH: 10    Dex:  9    Spells: 6/6 levels left

rFire   . . .        Y - +1 war axe
rCold   . . .        k - +1 buckler of the Moon {Fly Str+4}
rNeg    + . .        g - +1 plate armour
rPois   inf          a - +0 helmet
rElec   +            (no cloak)
rCorr   +            i - +0 pair of gloves
SInv    .            (no boots)
Will    .....        n - amulet of reflection Stlth
                     m - ring of resist corrosion
HPRegen 0.27/turn    (no ring)
MPRegen 0.10/turn

%: reflection
@: flying
A: sickness immunity, AC +4, negative energy resistance 1, electricity
resistance, torment resistance 1, petrification resistance
a: Renounce Religion


You were on level 5 of the Dungeon.
You worshipped Okawaru.
Okawaru was noncommittal.
You visited 1 branch of the dungeon, and saw 5 of its levels.

You collected 158 gold pieces.
You spent 63 gold pieces at shops.


Innate Abilities, Weirdness & Mutations

You are immune to sickness and miasma.
Your stone body is resilient. (AC +4)
You are immune to poison.
You resist negative energy. (rN+)
You are resistant to electric shocks. (rElec)
You are resistant to unholy torment.
You are immune to petrification.


   Skills:
 - Level 4.5 Fighting
 + Level 6.9 Axes
 - Level 4.1 Armour
 - Level 1.3 Dodging
 - Level 3.2 Shields


You had 6 spell levels left.
You didn't know any spells.
Your spell library was empty.

Inventory:

Hand Weapons
 o - a +0 hand axe of flaming
 Y - a +1 war axe (weapon)
Armour
 a - a +0 helmet (worn)
 g - a +1 plate armour (worn)
 i - a +0 pair of gloves (worn)
 k - the +1 buckler of the Moon (worn) {Fly Str+4}
   (You acquired it on level 4 of the Dungeon)

   Str:       It affects your strength (+4).
   Fly:       It grants you flight.
 r - a +0 cloak
Jewellery
 m - a ring of resist corrosion (left hand)
 n - an amulet of reflection (around neck)
Wands
 e - a wand of digging (7)
Scrolls
 h - a scroll of identify
 p - a scroll of immolation {unknown}
 q - a scroll of vulnerability {unknown}
Potions
 b - a potion of attraction
 c - a potion of resistance
 d - a potion of might
 f - a potion of curing
 j - a potion of lignification
 l - a potion of cancellation {unknown}

Dungeon Overview and Level Annotations

Branches:
Dungeon (5/15)
 Temple: D:4-7

Altars:
Okawaru
Wu Jian

Shops:
D:3 [   D:4 (

Annotations:
D:5 Duvessa


Message History

Duvessa hits you but does no damage. Dowan hits you with a +0 dagger.
You barely miss Dowan.
Dowan is severely wounded.
You barely miss Duvessa. Duvessa hits you but does no damage.
You block Dowan's attack. Dowan completely misses you.
You block Duvessa's attack.
You slash Dowan!
You kill Dowan!
Okawaru accepts your kill.
Duvessa weeps, and shakes her weapon.
Duvessa goes berserk!
You closely miss Duvessa. You block Duvessa's attack.
You slash Duvessa!
Duvessa is moderately wounded.
Duvessa hits you with a +0 short sword. You block Duvessa's attack.
You barely miss Duvessa.
Duvessa is moderately wounded.
Duvessa closely misses you. Duvessa barely misses you.
You slash Duvessa!
Duvessa is moderately wounded.
Duvessa barely misses you. x2
You hit Duvessa.
Duvessa is heavily wounded.
Duvessa hits you with a +0 short sword! Duvessa hits you but does no damage.
You barely miss Duvessa.
Duvessa is heavily wounded.
Duvessa hits you but does no damage.
You slash Duvessa!
Duvessa is severely wounded.
Duvessa hits you with a +0 short sword. x2
You barely miss Duvessa.
Duvessa is severely wounded.
You block Duvessa's attack. Duvessa hits you with a +0 short sword.
You hit Duvessa.
Duvessa is almost dead.
You block Duvessa's attack. Duvessa hits you but does no damage.
You slash Duvessa!
Duvessa is almost dead.
Duvessa hits you with a +0 short sword!
You die...

.. .... ##. ..... #..
...... ##..# ......
####...##......
..##.......#......
...........)......
#.........@e.?....
#...............#
#..............##
#................
#................
#......####....##
##.............## #
##.............##
.#####..............#


You could see Duvessa (berserk).

Vanquished Creatures
  A steam dragon (D:3)
  2 scorpions (D:4)
  Dowan (D:5)
  3 hounds
  2 jellies
  2 orc wizards
  Ijyb (D:4)
  2 iguanas
  Robin (D:3)
  3 gnolls (D:4)
  5 adders
  An ufetubus (D:5)
  2 worms
  A dart slug (D:1)
  10 orcs
  9 ball pythons
  4 bats
  6 endoplasms
  3 giant cockroaches
  14 goblins
  10 hobgoblins
  5 kobolds
  4 quokkas
  2 frilled lizards (D:2)
  3 rats
97 creatures vanquished.

Notes
Turn   | Place    | Note
-------+----------+-------------------------------------------
     0 | D:1      | qw the Gargoyle Fighter began the quest for the Orb.
     0 | D:1      | Reached XP level 1. HP: 14/14 MP: 1/1
     0 | D:1      | 0 ||| qw: Version: 0.2-a-29-g1fa15c8
     0 | D:1      | 0 ||| qw: Game counter: 5056
     0 | D:1      | 0 ||| qw: Always use a shield: true
     0 | D:1      | 0 ||| qw: God list: Okawaru
     0 | D:1      | 0 ||| qw: Allow faded altars: false
     0 | D:1      | 0 ||| qw: Do Orc after D:15 true
     0 | D:1      | 0 ||| qw: Do second Lair branch before Depths: true
     0 | D:1      | 0 ||| qw: Lair rune preference: random
     0 | D:1      | 0 ||| qw: Plans: Normal, Zot:1-4, Slime:5, God:TSO, Crypt,
                  | Tomb, Abyss, Pan, Hells, Win
     0 | D:1      | 0 ||| PLANNING D:1-11
    56 | D:1      | Reached skill level 2 in Axes
   191 | D:1      | Reached XP level 2. HP: 19/19 MP: 2/2
   571 | D:1      | 571 ||| UPGRADING to +0 plate armour.
   581 | D:1      | 581 ||| DROPPING +0 scale mail.
   582 | D:1      | 582 ||| READING scroll labelled LAS BIUNLIN.
   583 | D:1      | 583 ||| READING scroll labelled ETIAQI HETHRAODIOGG.
   584 | D:1      | 584 ||| READING 3 scrolls labelled OXIMILY NY TOO.
   585 | D:1      | 585 ||| READING scroll labelled FOOGHEM OREUZU.
   586 | D:1      | 586 ||| READING 2 scrolls of identify.
   586 | D:1      | 586 ||| IDENTIFYING glowing silvery potion
   621 | D:2      | 621 ||| Stepping ~*~*~tactically~*~*~ (stealth).
   624 | D:2      | 624 ||| Stepping ~*~*~tactically~*~*~ (stealth).
   633 | D:2      | Reached skill level 3 in Axes
   674 | D:2      | Reached XP level 3. HP: 16/23 MP: 3/3
   850 | D:2      | 850 ||| Stepping ~*~*~tactically~*~*~ (stealth).
   908 | D:2      | 908 ||| Stepping ~*~*~tactically~*~*~ (stealth).
   911 | D:2      | 911 ||| Stepping ~*~*~tactically~*~*~ (stealth).
  1035 | D:2      | 1035 ||| DROPPING +0 club.
  1040 | D:2      | 1040 ||| Stepping ~*~*~tactically~*~*~ (stealth).
  1177 | D:2      | 1177 ||| UPGRADING to amulet of reflection.
  1182 | D:2      | 1182 ||| READING scroll labelled WEMECR ZENG.
  1183 | D:2      | 1183 ||| READING scroll labelled BEDGHA RIAS.
  1186 | D:2      | 1186 ||| READING scroll labelled NUZOHU JELATY.
  1187 | D:2      | 1187 ||| READING scroll labelled USMAAS OZUIC.
  1188 | D:2      | 1188 ||| DRINKING 2 silvery potions.
  1189 | D:2      | 1189 ||| DRINKING 2 cyan potions.
  1190 | D:2      | 1190 ||| DRINKING 2 brown potions.
  1191 | D:2      | 1191 ||| READING 2 scrolls of identify.
  1191 | D:2      | 1191 ||| IDENTIFYING black potion
  1192 | D:2      | 1192 ||| DROPPING potion of enlightenment.
  1193 | D:2      | 1193 ||| DROPPING potion of degeneration.
  1213 | D:3      | Reached XP level 4. HP: 28/28 MP: 4/4
  1214 | D:3      | Noticed Robin
  1217 | D:3      | Reached skill level 4 in Axes
  1222 | D:3      | 1222 ||| STAIRDANCE
  1243 | D:3      | Killed Robin
  1260 | D:3      | 1260 ||| DROPPING +0 whip.
  1349 | D:3      | Noticed a steam dragon
  1352 | D:3      | 1352 ||| Stepping ~*~*~tactically~*~*~ (cloud).
  1364 | D:3      | Killed a steam dragon
  1364 | D:3      | HP: 6/28 [something (3)]
  1365 | D:3      | Reached skill level 5 in Axes
  1365 | D:3      | Reached XP level 5. HP: 7/32 MP: 5/5
  1454 | D:3      | 1454 ||| Stepping ~*~*~tactically~*~*~ (stealth).
  1474 | D:3      | Found a faded altar of an unknown god.
  1494 | D:3      | Identified the +8 scimitar of Etitorgh {heavy, rElec Dex+3}
  1644 | D:3      | 1644 ||| READING scroll of enchant armour.
  1644 | D:3      | 1644 ||| ENCHANTING +0 plate armour.
  1657 | D:3      | Reached XP level 6. HP: 37/37 MP: 6/6
  1701 | D:3      | 1701 ||| DROPPING +0 flail.
  1836 | D:3      | Found Sanocw's Armour Shoppe.
  1854 | D:3      | 1854 ||| BUYING +0 pair of gloves (63 gold).
  1854 | D:3      | Bought a +0 pair of gloves for 63 gold pieces
  1854 | D:3      | 1854 ||| SHOPLISTING +1 cloak (161 gold, have 64).
  2065 | D:3      | 2065 ||| UPGRADING to +0 helmet.
  2070 | D:3      | 2070 ||| UPGRADING to +0 pair of gloves.
  2075 | D:3      | 2075 ||| UPGRADING to ring of resist corrosion.
  2076 | D:3      | 2076 ||| READING scroll labelled ZAWUPO RO WIGI.
  2106 | D:3      | 2106 ||| READING scroll labelled ROMMUS MIGH.
  2118 | D:4      | 2118 ||| Stepping ~*~*~tactically~*~*~ (stealth).
  2120 | D:4      | 2120 ||| Stepping ~*~*~tactically~*~*~ (stealth).
  2121 | D:4      | 2121 ||| Stepping ~*~*~tactically~*~*~ (stealth).
  2225 | D:4      | Reached skill level 6 in Axes
  2272 | D:4      | 2272 ||| FLEEEEING.
  2273 | D:4      | 2273 ||| FLEEEEING.
  2274 | D:4      | 2274 ||| FLEEEEING.
  2275 | D:4      | 2275 ||| FLEEEEING.
  2276 | D:4      | 2276 ||| FLEEEEING.
  2277 | D:4      | 2277 ||| FLEEEEING.
  2278 | D:4      | 2278 ||| FLEEEEING.
  2279 | D:4      | 2279 ||| FLEEEEING.
  2280 | D:4      | 2280 ||| FLEEEEING.
  2281 | D:4      | 2281 ||| FLEEEEING.
  2282 | D:4      | 2282 ||| FLEEEEING.
  2290 | D:4      | Reached XP level 7. HP: 40/44 MP: 7/7
  2321 | D:4      | 2321 ||| Stepping ~*~*~tactically~*~*~ (stealth).
  2355 | D:4      | Found an iron altar of Okawaru.
  2356 | D:4      | 2356 ||| PLANNING OKAWARU WORSHIP
  2356 | D:4      | 2356 ||| READING scroll labelled SOORGH WEGAT.
  2356 | D:4      | Identified a scroll of acquirement
  2356 | D:4      | 2356 ||| ACQUIRING +1 buckler of the Moon {Fly Str+4}
  2356 | D:4      | Acquired the +1 buckler of the Moon {Fly Str+4}
  2358 | D:4      | 2358 ||| UPGRADING to +1 buckler of the Moon {Fly Str+4}.
  2368 | D:4      | 2368 ||| DROPPING +0 buckler.
  2376 | D:4      | Became a worshipper of Warmaster Okawaru
  2377 | D:4      | 2377 ||| PLANNING D:1-11
  2444 | D:4      | 2444 ||| Stepping ~*~*~tactically~*~*~ (stealth).
  2527 | D:4      | Noticed Ijyb
  2547 | D:4      | HP: 4/44 [disintegration (13)]
  2549 | D:4      | Killed Ijyb
  2776 | D:4      | Found an ornate altar of the Wu Jian Council.
  2823 | D:4      | Found Ennics's Weapon Boutique.
  2969 | D:4      | 2969 ||| READING 2 scrolls of identify.
  2969 | D:4      | 2969 ||| IDENTIFYING murky puce potion
  3004 | D:5      | Entered Level 5 of the Dungeon
  3008 | D:5      | 3008 ||| STAIRDANCE
  3011 | D:4      | Reached skill level 1 in Dodging
  3068 | D:5      | 3068 ||| Stepping ~*~*~tactically~*~*~ (stealth).
  3074 | D:5      | 3074 ||| Stepping ~*~*~tactically~*~*~ (stealth).
  3125 | D:5      | 3125 ||| Stepping ~*~*~tactically~*~*~ (stealth).
  3207 | D:5      | Noticed Duvessa
  3208 | D:5      | Noticed Dowan
  3218 | D:5      | Killed Dowan
  3225 | D:5      | HP: 6/44 [Duvessa/+0 short sword (6)]
  3227 | D:5      | Slain by Duvessa

Levels and vault maps discovered:
D:1:      dpeg_arrival_more_subterranean_lakeside_camping, layout_basic
D:2:      layout_rooms, minivault_23, minmay_strange_pillars
D:3:      layout_loops_ring, serial_shops, shop,
          shapermc_ecumenical_altar_notcrosses, uniq_robin
D:4:      layout_basic, old_standard_altar, nzn_wu_jian_contemplation,
          serial_shops, nicolae_shop_peninsula, serial_rivers,
          chequers_serial_rivers_room_b, chequers_serial_rivers_room_a,
          chequers_serial_rivers_room_a, chequers_serial_rivers_micro_c,
          chequers_serial_rivers_small_3, uniq_ijyb
D:5:      layout_layer_cave, minmay_misc_feat_hallway, uniq_grinder,
          uniq_eustachio, uniq_duvessa

Skill      XL: |  1  2  3  4  5  6  7 |
---------------+----------------------+-----
Axes           | 2 3 5 6 |  6.9
Fighting       | 4 |  4.5
Armour         | 4 |  4.1
Dodging        | 1 |  1.3
Shields        | |  3.2

Action                     |  1- 3 |  4- 6 |  7- 9 || total
---------------------------+-------+-------+-------++-------
  Melee: War axe           |   121 |    92 |   118 ||   331
    Use: Scroll            |    10 |     3 |     2 ||    15
         Potion            |     3 |       |       ||     3
 Armour: Scale mail        |    24 |       |       ||    24
         Plate armour      |    59 |    53 |    57 ||   169
  Dodge: Dodged            |    42 |    19 |    34 ||    95
  Block: Buckler           |    18 |    38 |    55 ||   111
         Reflection        |       |       |     4 ||     4

Table legend:
 A = Non-vault XP
 B = Vault XP
 C = Vault XP percentage of total XP
 D = Non-vault monster count
 E = Vault monster count
 F = Vault count percentage of total count
                 A         B        C        D         E       F
            +---------+---------+-------+---------+---------+-------
      Total |     963 |     139 |  12.6 |      84 |      13 |  13.4
            +---------+---------+-------+---------+---------+-------
        D:1 |      27 |       0 |   0.0 |      13 |       0 |   0.0
        D:2 |      44 |       4 |   8.3 |      21 |       2 |   8.7
        D:3 |     268 |      31 |  10.4 |      15 |       9 |  37.5
        D:4 |     420 |      35 |   7.7 |      23 |       1 |   4.2
        D:5 |     204 |      69 |  25.3 |      12 |       1 |   7.7
            +---------+---------+-------+---------+---------+-------
